 Dungeon Crawl Stone Soup version 0.23.1 (webtiles) character file.

Game seed: 7169859720122433570

24 Borgoz the Sneak (level 3, -2/27 (28) HPs)
             Began as a Ghoul Enchanter on Mar 2, 2019.
             Slain by an adder (4 damage)
             ... on level 2 of the Dungeon.
             The game lasted 00:01:26 (1445 turns).

Borgoz the Sneak (Ghoul Enchanter)                  Turns: 1445, Time: 00:01:27

HP:   -2/27 (28)    AC:  2    Str: 11    XL:     3   Next: 2%
MP:   4/4           EV: 12    Int: 10    God:
Gold: 32            SH:  0    Dex: 10    Spells: 4/5 levels left

rFire    . . .     SeeInvis .   e - +0 dagger (venom)
rCold    + . .     Gourm    .   (no shield)
rNeg     + + +     Faith    .   b - +0 robe
rPois    ∞         Spirit   .   (no helmet)
rElec    .         Reflect  .   (no cloak)
rCorr    .         Harm     .   (no gloves)
MR       .....                  (no boots)
Stlth    ++........             j - amulet of the acrobat
HPRegen  0.00/turn              (no ring)
MPRegen  0.09/turn              (no ring)

@: rotting
A: rotting body, claws 1, carnivore, cold resistance 1, negative energy
resistance 3, inhibited regeneration, torment resistance, unbreathing
a: no special abilities


You were on level 2 of the Dungeon.
You were not hungry.

You visited 1 branch of the dungeon, and saw 2 of its levels.

You collected 32 gold pieces.

Inventory:

Hand Weapons
 e - a +0 dagger of venom (weapon)
Armour
 b - a +0 robe (worn)
Jewellery
 j - an amulet of the acrobat (around neck)
Scrolls
 a - a scroll of random uselessness {unknown}
 c - 2 scrolls of identify {unknown}
 i - a scroll of remove curse {unknown}
 k - a scroll of fog {unknown}
 l - a scroll of amnesia {unknown}
Potions
 f - a potion of curing {unknown}
 g - a potion of flight {unknown}
 h - a potion of lignification {unknown}
Comestibles
 d - a ration


   Skills:
 * Level 1.0 Fighting
 * Level 1.2 Short Blades
 + Level 0.4 Throwing
 + Level 0.3 Armour
 * Level 2.0 Dodging
 * Level 3.5 Stealth
 + Level 1.9 Spellcasting
 - Level 2.4 Hexes


You had 4 spell levels left.
You knew the following spells:

 Your Spells              Type           Power        Failure   Level  Hunger
a - Corona                Hex            #......      12%         1    ##.....

Your spell library contained the following spells:

 Spells                   Type           Power        Failure   Level  Hunger
 Ensorcelled Hibernation  Hex/Ice        #.....       28%         2    ###....
 Confuse                  Hex            #.......     34%         3    ####...
 Tukima's Dance           Hex            #.......     34%         3    ####...
 Dazzling Spray           Conj/Hex       #.....       50%         3    ####...


Dungeon Overview and Level Annotations

Branches:
Dungeon (2/15)

Altars:
Elyvilon
Nemelex Xobeh


Innate Abilities, Weirdness & Mutations

Your body is rotting away.
You thrive on raw meat.
You are immune to poison.
You have sharp fingernails.
You are carnivorous and can eat meat at any time.
Your flesh is cold resistant. (rC+)
You are immune to negative energy. (rN+++)
You do not regenerate when monsters are visible.
You are immune to unholy pain and torment.
You can survive without breathing.


Message History

You feel agile.
You miss the adder. The adder completely misses you. The adder bites you.
* * * LOW HITPOINT WARNING * * *
You miss the adder. The adder closely misses you.
You barely miss the adder. The adder bites you.
* * * LOW HITPOINT WARNING * * *
You hit the adder.
The adder is heavily wounded.
The adder bites you.
* * * LOW HITPOINT WARNING * * *
You barely miss the adder.
The adder is heavily wounded.
The adder barely misses you. The adder bites you.
* * * LOW HITPOINT WARNING * * *
Things that are here:
a cursed -2 club; an uncursed amulet of harm You closely miss the adder.
The adder is heavily wounded.
The adder bites you.
You die...

.......(#
#.#.......
........#
#.....#...
...######
##....# .#
#### ##.####
. #...#
###...#
#.....####
##.....gS.#
#......##@#
##.#....##.#
.........#..
.....#...####
.....$.)..#
.⌠.⌠.#..#.#
........#.#
.....#....#
.._....##..


You could see an adder and a goblin.

Vanquished Creatures
  A dart slug (D:1)
  2 ball pythons
  A giant cockroach (D:1)
  5 goblins
  6 hobgoblins
  2 kobolds
  2 rats (D:1)
19 creatures vanquished.

Notes
Turn   | Place    | Note
-------+----------+-------------------------------------------
     0 | D:1      | Borgoz the Ghoul Enchanter began the quest for the Orb.
     0 | D:1      | Reached XP level 1. HP: 14/14 MP: 2/2
    34 | D:1      | Found a sparkling altar of Nemelex Xobeh.
    57 | D:1      | Reached skill level 1 in Short Blades
   291 | D:1      | Reached XP level 2. HP: 5/22 MP: 3/3
  1413 | D:2      | Found a white marble altar of Elyvilon.
  1438 | D:2      | Reached skill level 1 in Fighting
  1438 | D:2      | Reached XP level 3. HP: 11/27 MP: 4/4
  1445 | D:2      | Slain by an adder

Skill      XL: |  1  2 |
---------------+-------+-----
Short Blades   | 1 |  1.2
Dodging        | 2 |  2.0
Fighting       | 1 |  1.0
Throwing       | |  0.4
Armour         | |  0.3
Stealth        | |  3.5
Spellcasting   | |  1.9
Hexes          | |  2.4

Action                   || total
-------------------------++-------
Melee: Dagger            ||    86
 Cast: Corona            ||     2
 Stab: Sleeping          ||     1
  Eat: Chunk             ||     2
Armor: Robe              ||     6
Dodge: Dodged            ||    56
